 Dungeon Crawl Stone Soup version 0.31-a0-889-g1a8549509d (webtiles) character file.

Game seed: 14973314894516136482

12 Ahpoh the Trooper (level 2, 0/19 HPs)
             Began as a Kobold Fighter on Oct 16, 2023.
             Succumbed to a kobold's poison
             ... on level 1 of the Dungeon.
             The game lasted 00:01:39 (212 turns).

Ahpoh the Trooper (Kobold Fighter)                   Turns: 212, Time: 00:01:40

Health: 0/19       AC:  6    Str: 13    XL:     2   Next: 45%
Magic:  2/2        EV: 10    Int:  9    God:
Gold:   0          SH:  4    Dex: 14    Spells: 1/1 levels left

rFire   . . .        a - +0 long sword
rCold   . . .        c - +0 buckler
rNeg    . . .        b - +0 scale mail
rPois   .            (no helmet)
rElec   .            (no cloak)
rCorr   .            (no gloves)
SInv    .            (no boots)
Will    .....        e - amulet of magic regeneration
Stlth   +            (no ring)
HPRegen 0.23/turn    (no ring)
MPRegen 0.48/turn

%: no passive effects
@: mighty, lethally poisoned (0 -> -2), hasted, very quick
A: small, no large weapons, nightstalker 3
a: no special abilities


You were on level 1 of the Dungeon.
You visited 1 branch of the dungeon, and saw 1 of its levels.

Inventory:

Hand Weapons
 a - a +0 long sword (weapon)
Missiles
 f - 4 datura-tipped darts
Armour
 b - a +0 scale mail (worn)
 c - a +0 buckler (worn)
Jewellery
 e - an amulet of magic regeneration (around neck)


   Skills:
 + Level 3.3 Fighting
 + Level 1.7 Long Blades
 + Level 2.8 Armour
 + Level 2.6 Shields


You had one spell level left.
You didn't know any spells.
Your spell library was empty.

Dungeon Overview and Level Annotations

Branches:
Dungeon (1/15)

Altars:


Innate Abilities, Weirdness & Mutations

You are small and have problems with some larger weapons.
You are completely attuned to the shadows.


Message History

Your unstable footing causes you to fumble your attack.
You block the rat's attack.
Your unstable footing causes you to fumble your attack.
The rat bites you but does no damage.
You hit the rat but do no damage.
A kobold comes into view.
It is wielding a +0 short sword of venom.
The rat bites you. You block the rat's attack.
The kobold moves out of view.
Your unstable footing causes you to fumble your attack.
The rat barely misses you.
Your unstable footing causes you to fumble your attack.
The rat bites you but does no damage.
You completely miss the rat.
The kobold shouts!
The rat barely misses you. x2
You barely miss the rat. You block the rat's attack.
The kobold hits you with a +0 short sword of venom.
You are poisoned.
A giant cockroach comes into view.
The kobold hits you but does no damage.
You are lethally poisoned!
You feel very sick.
You feel very sick.
You feel very sick. The rat barely misses you.
* * * LOW HITPOINT WARNING * * *
You feel sick. The rat attacks as it pursues you! The rat barely misses you.
* * * LOW HITPOINT WARNING * * *
You feel sick.
It was a potion of haste.
You feel yourself speed up.
* * * LOW HITPOINT WARNING * * *
You feel sick. The rat bites you but does no damage.
Okay, then.
The air fills with toxic fumes!
As you read the scroll labelled JUTTOIL LAIS, it crumbles to dust.
It was a scroll of poison.
The rat closely misses you.
You feel very mighty all of a sudden.
* * * LOW HITPOINT WARNING * * *
You feel sick. The rat bites you but does no damage.
You barely miss the rat.
You die...

#§§ #§# #§# # #§# #
#@# ###### ##r#
.....# #BK# ####.#
###§§##
####)########.§§§§##
...............~....
..............†.~...
[#...########.~.....
.#...# #..~.....


You could see a giant cockroach, a kobold and a rat.

Vanquished Creatures
  2 hobgoblins (D:1)
  2 kobolds (D:1)
  4 ball pythons (D:1)
  A bat (D:1)
  A frilled lizard (D:1)
  3 rats (D:1)
13 creatures vanquished.

Notes
Turn   | Place    | Note
-------+----------+-------------------------------------------
     0 | D:1      | Ahpoh the Kobold Fighter began the quest for the Orb.
     0 | D:1      | Reached XP level 1. HP: 14/14 MP: 1/1
    82 | D:1      | Reached XP level 2. HP: 19/19 MP: 2/2
   212 | D:1      | Succumbed to a kobold's poison

Illustrated notes

Levels and vault maps discovered:
D:1:      beargit_arrival_greenhouse, layout_basic, serial_forest,
          infiniplex_forest_clump_curved, infiniplex_forest_lined_3,
          infiniplex_forest_end_2, infiniplex_forest_lined_room_2,
          infiniplex_forest_clump_large, infiniplex_forest_zigzag_2,
          chequers_serial_rivers_micro_c, minmay_cut_off

Action                     || total
---------------------------++-------
  Melee: Long sword        ||    53
    Use: Potion            ||     2
         Scroll            ||     1
 Armour: Scale mail        ||    30
  Dodge: Dodged            ||    41
  Block: Buckler           ||    15

Table legend: (Time is in decaauts)
 A = Elapsed time spent in this place.
 B = Non-inter-level travel time spent in this place.
 C = Inter-level travel time spent in this place.
 D = Time resting spent in this place.
 E = Time spent auto-exploring this place.
 F = Levels seen in this place.
 G = Mean time per level.
                   A        B        C        D        E       F      G
               +--------+--------+--------+--------+--------+-----+--------+
         Total |    230 |    230 |      0 |      0 |     77 |   1 |  230.0 |
       Dungeon |    230 |    230 |      0 |      0 |     77 |   1 |  230.0 |
               +--------+--------+--------+--------+--------+-----+--------+

Top non-repeatable levels by time:
     D:1: 230 daAuts
